 Dungeon Crawl Stone Soup version 0.20-a0-830-g2c9a30d (webtiles) character file.

18932 GreetingsTrabeler the Martial Artist (level 12, -4/91 HPs)
             Began as a Naga Transmuter on Mar 4, 2017.
             Was a Priest of Ru.
             Slain by a killer bee (10 damage)
             ... on level 1 of the Lair of Beasts on Mar 6, 2017.
             The game lasted 01:04:28 (19835 turns).

GreetingsTrabeler the Martial Artist (NaTm)        Turns: 19835, Time: 01:04:29

Health: -4/91      AC:  5    Str: 24    XL:     12   Next: 63%
Magic:  17/19      EV: 14    Int: 13    God:    Ru [***...]
Gold:   652        SH:  0    Dex: 14    Spells: 8/21 levels left

rFire    . . .     SeeInvis +     - Unarmed
rCold    . . .     Gourm    .   O - +3 robe of Minor Irritation {rN+ Str+9 Dex-3}
rNeg     + . .     Faith    .   (shield currently unavailable)
rPois    +         Spirit   .   (no helmet)
rElec    .         Reflect  .   f - +2 cloak
rCorr    .         Harm     .   (gloves currently unavailable)
MR       ++...                  (no barding)
Stlth    +.........             (no amulet)
Regen    0.3/turn               E - ring of wizardry
MPRegen  0.2/turn               k - +2 ring of dexterity

@: lethally poisoned (-4 -> -9), blade hands (expiring), starving, very slow
A: stinger 1, see invisible, deformed body, magic resistance 1, poison
resistance, slowness 2, slow metabolism 1, spit poison 1, hated by all, reduced
AC 2, AC +4
a: Spit Poison, End Transformation, Draw Out Power, Renounce Religion


You were on level 1 of the Lair of Beasts.
You worshipped Ru.
Ru was most pleased with you.
You were starving.
You had blades for hands.
You visited 3 branches of the dungeon, and saw 14 of its levels.
You also visited: Sewer and Bailey.

You collected 652 gold pieces.

Inventory:

Missiles
 a - 340 arrows
Armour
 b - a +0 robe
 f - a +2 cloak (worn)
 h - a +2 pair of gloves (melded)
 O - the +3 robe of Minor Irritation (worn) {rN+ Str+9 Dex-3}
   (You found it on level 10 of the Dungeon)

   It affects your strength (+9).
   It affects your dexterity (-3).
   It protects you from negative energy.
 R - +0 acid dragon scales
Jewellery
 k - a +2 ring of dexterity (left scythe-like blade)
 E - a ring of wizardry (right scythe-like blade)
Wands
 s - a wand of confusion (20/48)
 y - a wand of iceblast (0/15)
 G - a wand of digging (8/24)
 I - a wand of iceblast (8/15)
 K - a wand of polymorph (9/24)
 M - a wand of paralysis (14/24)
Scrolls
 j - 2 scrolls of blinking
 l - 3 scrolls of teleportation
 m - 3 scrolls of enchant armour
 o - a scroll of fear
 r - 4 scrolls of remove curse
 t - 4 scrolls of amnesia {unknown}
 u - 7 scrolls of identify
 v - a scroll of enchant weapon {unknown}
 z - 2 scrolls of immolation {unknown}
 B - 3 scrolls of fog {unknown}
 D - 3 scrolls of magic mapping {unknown}
 H - a scroll of brand weapon {unknown}
 P - a scroll of recharging {unknown}
 Q - a scroll of silence {unknown}
Potions
 e - a potion of degeneration {unknown}
 n - 2 potions of ambrosia
 p - a potion of lignification {unknown}
 q - a potion of cancellation
 w - 4 potions of curing {unknown}
 x - a potion of flight
 A - 5 potions of might
 C - 2 potions of magic
 F - 2 potions of haste {unknown}
 L - a potion of mutation {unknown}
Books
 c - a book of Changes

   Spells                             Type                      Level
   a - Beastly Appendage              Transmutation                1
   b - Sticks to Snakes               Transmutation                2
   c - Spider Form                    Transmutation/Poison         3
   d - Ice Form                       Ice/Transmutation            4
   e - Blade Hands                    Transmutation                5
 J - a book of Conjurations

   Spells                             Type                      Level
   a - Magic Dart                     Conjuration                  1
   b - Searing Ray                    Conjuration                  2
   c - Dazzling Spray                 Conjuration/Hexes            3
   d - Fulminant Prism                Conjuration/Hexes            4
   e - Force Lance                    Conjuration/Translocation    4
   f - Iskenderun's Mystic Blast      Conjuration                  4
 N - a book of Necromancy

   Spells                             Type                      Level
   a - Pain                           Necromancy                   1
   b - Animate Skeleton               Necromancy                   1
   c - Vampiric Draining              Necromancy                   3
   d - Regeneration                   Charms/Necromancy            3
   e - Animate Dead                   Necromancy                   4
   f - Control Undead                 Necromancy                   4
Comestibles
 d - 7 bread rations
 g - 10 royal jellies
 i - 3 meat rations


   Skills:
 - Level 1.0 Fighting
 + Level 7.6 Dodging
 + Level 13.7 Unarmed Combat
 - Level 5.2 Spellcasting
 - Level 11.3 Transmutations


You had 8 spell levels left.
You knew the following spells:

 Your Spells              Type           Power        Failure   Level  Hunger
a - Beastly Appendage     Tmut           ####..       4%          1    None
b - Spider Form           Tmut/Pois      ###.......   17%         3    ###....
c - Blade Hands           Tmut           ####......   16%         5    ######.
d - Ice Form              Ice/Tmut       ###.....     32%         4    ####...


Dungeon Overview and Level Annotations

Branches:
Dungeon (12/15)            Temple (1/1) D:6            Lair (1/6) D:11
    Orc (0/2) D:9

Altars:
Ashenzari
Cheibriados
Dithmenos
Elyvilon
Fedhas
Gozag
Hepliaklqana
Kikubaaqudgha
Makhleb
Nemelex Xobeh
Okawaru
Qazlal
Ru
Sif Muna
Trog
Uskayaw
Vehumet
Wu Jian
Xom
Yredelemnul
Zin
The Shining One

Annotations:
D:12 Psyche


Innate Abilities, Weirdness & Mutations

You cannot wear boots.
Your serpentine skin is tough. (AC +4)
You have supernaturally acute eyesight. (SInv)
Armour fits poorly on your strangely shaped body.
Your system is resistant to poisons. (rPois)
You cover ground very slowly.
You have a slow metabolism.
You can spit poison.
You are hated by all.
You take more damage. (AC -6)
Your tail ends in a poisonous barb.
You are resistant to hostile enchantments. (MR+)


Message History

The killer bee closely misses you. The killer bee stings you.
* * * LOW HITPOINT WARNING * * *
The killer bee misses you.
Unknown command.
You barely miss the killer bee.
You feel sick. The killer bee stings you.
* * * LOW HITPOINT WARNING * * *
You focus your will and blind the killer bee in retribution!
The killer bee closely misses you.
Unknown command.
You are starving!
You shred the killer bee!!!
You kill the killer bee!
The killer bee closely misses you. The killer bee stings you.
* * * LOW HITPOINT WARNING * * *
Unknown command.
You hit the killer bee but do no damage.
Your tail-slap misses the killer bee.
* * * LOW HITPOINT WARNING * * *
You feel sick. The killer bee stings you!
You die... y

.. ... .... .....
###...... .##
#####@†......
#...###P...†y......
#......##.......
###..### .......
#..## ......# #...#
.....## ##.##
###### ##.###
#....#


You could see 2 killer bees.

Vanquished Creatures
  Erolcha (D:10)
  The ghost of Ijustatesigmund the Destroyer, a journeyman GrEE of Vehumet (D:11)
  3 two-headed ogres
  Urug (D:11)
  4 skeletal warriors
  An unseen horror (D:8)
  An ugly thing (D:11)
  2 cyclopes (D:10)
  A manticore (D:11)
  Maurice (D:8)
  Joseph (D:7)
  2 trolls
  A queen bee (Lair:1)
  5 hippogriffs
  A wyvern (D:11)
  A wraith (D:10)
  7 yaks
  The ghost of derval the Shooter, an amateur CeHu (D:3)
  2 vampire mosquitoes (D:11)
  Edmund (D:5)
  2 wargs (D:11)
  An acid dragon (D:11)
  3 water moccasins
  2 hornet zombies
  A porcupine (Lair:1)
  4 orc warriors
  A black bear (D:10)
  An eye of draining (D:11)
  2 ice beasts (D:11)
  2 sky beasts
  2 phantoms
  7 ogres
  8 centaurs
  2 big kobolds (D:9)
  10 bullfrogs
  A wyvern zombie (D:10)
  2 scorpions
  5 killer bees (Lair:1)
  8 wights (D:10)
  A howler monkey (D:5)
  5 crimson imps
  2 quasits
  A lava snake (D:8)
  A centaur zombie (D:10)
  3 bullfrog zombies
  5 orc priests
  7 hounds
  4 jellies
  Crazy Yiuf (D:3)
  A centaur skeleton (D:11)
  12 orc wizards
  An iguana (D:11)
  7 worker ants
  2 hound skeletons
  4 worker ant zombies
  4 river rats (Sewer)
  25 adders
  10 gnolls
  A shadow imp (D:10)
  An ooze (Sewer)
  An adder zombie (D:7)
  An adder skeleton (D:4)
  4 worms
  2 dart slugs
  6 leopard geckos
  70 orcs
  3 giant cockroaches
  7 goblins
  15 hobgoblins
  24 jackals
  5 quokkas
  12 ball pythons
  8 bats
  7 frilled lizards
  A jackal zombie (D:5)
  19 kobolds
  A leopard gecko skeleton (D:6)
  A quokka skeleton (D:10)
  33 rats
420 creatures vanquished.

Notes
Turn   | Place    | Note
-------+----------+-------------------------------------------
     0 | D:1      | GreetingsTrabeler the Naga Transmuter began the quest for the Orb.
     0 | D:1      | Reached XP level 1. HP: 18/18 MP: 3/3
   370 | D:1      | Reached XP level 2. HP: 14/25 MP: 3/5
  1216 | D:2      | Reached XP level 3. HP: 17/31 MP: 4/6
  1828 | D:2      | Reached skill level 4 in Unarmed Combat
  1828 | D:2      | Reached XP level 4. HP: 30/38 MP: 7/7
  2068 | D:2      | Found a glowing golden altar of the Shining One.
  2779 | D:2      | Reached XP level 5. HP: 39/44 MP: 4/8
  2804 | D:2      | Learned a level 3 spell: Spider Form
  3049 | D:3      | Found a runed door.
  3079 | D:3      | Noticed derval's ghost (amateur CeHu)
  3115 | D:3      | Killed derval's ghost
  3115 | D:3      | Reached skill level 5 in Unarmed Combat
  3115 | D:3      | Reached XP level 6. HP: 8/51 MP: 1/9
  3926 | D:3      | Reached skill level 5 in Transmutations
  4536 | D:3      | Noticed Crazy Yiuf
  4543 | D:3      | Killed Crazy Yiuf
  4832 | D:3      | Upgraded the game from 0.20-a0-820-g557356e to 0.20-a0-823-gdec668e
  4857 | D:4      | Reached XP level 7. HP: 48/57 MP: 6/10
  5040 | D:4      | Reached skill level 6 in Unarmed Combat
  5855 | D:5      | Entered Level 5 of the Dungeon
  6032 | D:5      | Noticed Edmund
  6037 | D:5      | Reached XP level 8. HP: 64/64 MP: 7/11
  6048 | D:5      | Killed Edmund
  6048 | D:5      | Reached skill level 7 in Unarmed Combat
  6173 | D:5      | Gained mutation: You are resistant to hostile enchantments. (MR+) [mutagenic meat]
  6180 | D:5      | Gained mutation: Your tail ends in a poisonous barb. [mutagenic meat]
  7151 | D:6      | Reached skill level 8 in Unarmed Combat
  7247 | D:6      | Found a glowing drain.
  7256 | Sewer    | Entered a sewer
  7506 | Sewer    | Reached XP level 9. HP: 61/70 MP: 12/12
  7814 | D:6      | Found a white marble altar of Elyvilon.
  8193 | D:6      | Reached skill level 9 in Unarmed Combat
  8765 | D:6      | Found a staircase to the Ecumenical Temple.
  8769 | Temple   | Entered the Ecumenical Temple
  8901 | Temple   | Upgraded the game from 0.20-a0-823-gdec668e to 0.20-a0-830-g2c9a30d
  8993 | Temple   | Became a worshipper of Ru the Awakened
  9434 | D:7      | Found an ancient bone altar of Kikubaaqudgha.
  9448 | D:7      | Noticed Joseph
  9649 | D:7      | Killed Joseph
  9823 | D:7      | Found a bloodstained altar of Trog.
 10404 | D:7      | Learned a level 5 spell: Blade Hands
 10513 | D:8      | Reached skill level 10 in Unarmed Combat
 10684 | D:8      | Reached skill level 10 in Transmutations
 10684 | D:8      | Reached XP level 10. HP: 51/78 MP: 13/13
 10899 | D:8      | Noticed a two-headed ogre
 10908 | D:8      | Killed a two-headed ogre
 11078 | D:8      | Gained mutation: You take slightly more damage. (AC -3) [Ru sacrifice]
 11078 | D:8      | Reached * piety under Ru
 11102 | D:8      | Noticed an unseen horror
 11116 | D:8      | Killed an unseen horror
 11283 | D:8      | Noticed Maurice
 11300 | D:8      | Killed Maurice
 12203 | D:9      | Reached skill level 11 in Unarmed Combat
 12298 | D:9      | Reached skill level 5 in Spellcasting
 12314 | D:9      | Found an ornate altar of the Wu Jian Council.
 12318 | D:9      | Found a hazy altar of Hepliaklqana.
 12320 | D:9      | Found a hide-covered altar of Uskayaw.
 12400 | D:9      | Found a flagged portal.
 12406 | D:9      | Found a stormy altar of Qazlal.
 12406 | D:9      | Found a blossoming altar of Fedhas.
 12409 | Bailey   | Entered a bailey
 13194 | D:9      | Found a staircase to the Orcish Mines.
 13645 | D:9      | Reached XP level 11. HP: 60/84 MP: 15/18
 13769 | D:9      | Learned a level 4 spell: Ice Form
 13771 | D:10     | Entered Level 10 of the Dungeon
 13861 | D:9      | Noticed a two-headed ogre
 14356 | D:10     | Noticed a cyclops
 14366 | D:10     | Killed a cyclops
 15186 | D:10     | Gained mutation: You take more damage. (AC -6) [Ru sacrifice]
 15186 | D:10     | Reached ** piety under Ru
 16116 | D:10     | Got a crude robe
 16127 | D:10     | Identified the +3 robe of Minor Irritation {rN+ Str+9 Dex-3} (You found it on level 10 of the Dungeon)
 16207 | D:10     | Noticed Erolcha
 16208 | D:10     | Noticed a two-headed ogre
 16213 | D:10     | Killed a two-headed ogre
 16213 | D:10     | Reached skill level 12 in Unarmed Combat
 16220 | D:10     | Killed Erolcha
 16302 | D:10     | Noticed a two-headed ogre
 16308 | D:10     | Killed a two-headed ogre
 16308 | D:10     | Reached skill level 5 in Dodging
 16831 | D:11     | Noticed Ijustatesigmund's ghost (journeyman GrEE)
 16835 | D:11     | Killed Ijustatesigmund's ghost
 16933 | D:11     | Noticed Urug
 17117 | D:10     | Reached XP level 12. HP: 82/91 MP: 14/19
 18194 | D:11     | Killed Urug
 18194 | D:11     | Reached skill level 13 in Unarmed Combat
 18738 | D:11     | Noticed a death knight
 18952 | D:11     | Found a staircase to the Lair.
 18967 | D:12     | Noticed a two-headed ogre
 18969 | D:12     | Noticed Psyche
 19286 | D:10     | Gained mutation: You are hated by all. [Ru sacrifice]
 19286 | D:10     | Reached *** piety under Ru
 19761 | Lair:1   | Entered Level 1 of the Lair of Beasts
 19835 | Lair:1   | Slain by a killer bee

Vault maps used:
D:1:      dpeg_arrival_rooms_c, minmay_hexomino_f4
D:2:      lemuel_doored_altar
D:3:      uniq_crazy_yiuf_cottage
D:5:      first_bread, uniq_edmund
D:6:      minmay_temple_entry_glassed_door, portal_sewer_entry_d,
          elyvilon_altar_4
D:7:      kennysheep_little_box, bloody_trog, uniq_joseph
D:8:      kennysheep_flooded_box, uniq_maurice
D:9:      grunt_temple_overflow_forces_of_nature, grunt_temple_overflow_diamond,
          orc_0_dummy, enter_bailey_1
D:10:     uniq_erolcha
D:11:     erik_lair_orcish_takeover, uniq_urug
D:12:     uniq_azrael, uniq_psyche
Temple:   eino_temple_water
Lair:1:   special_room, st_stairs_7, lemuel_fruit_tree, uniq_grum
Sewer:    sewer_minmay_w
Bailey:   bailey_polearm_gnolls_kennysheep, bailey

Skill      XL: |  1  2  3  4  5  6  7  8  9 10 11 12 |
---------------+-------------------------------------+-----
Transmutations | 3 4 5 6 8 10 11 | 11.3
Unarmed Combat | 4 5 6 8 10 11 12 13 | 13.7
Spellcasting   | 5 |  5.2
Dodging        | 5 7 |  7.6
Fighting       | |  1.0

Action                   |  1- 3 |  4- 6 |  7- 9 | 10-12 || total
-------------------------+-------+-------+-------+-------++-------
Melee: Unarmed           |   118 |   229 |   460 |   453 ||  1260
       Headbutt          |    13 |    10 |       |       ||    23
       Punch             |       |     2 |     7 |    14 ||    23
       Tailslap          |       |       |    26 |    50 ||    76
 Cast: Beastly Appendage |    19 |    19 |       |     2 ||    40
       Spider Form       |       |    15 |    33 |    31 ||    79
       Blade Hands       |       |       |       |    51 ||    51
Invok: Sacrifice Health  |       |       |       |     2 ||     2
       Sacrifice Love    |       |       |       |     1 ||     1
Evoke: Wand              |       |       |       |     5 ||     5
  Use: Scroll            |       |     7 |       |     5 ||    12
       Potion            |       |     3 |       |     4 ||     7
 Stab: Invisible         |       |       |       |     2 ||     2
       Distracted        |       |       |       |     1 ||     1
  Eat: Chunk             |     1 |     7 |    19 |    25 ||    52
       Meat ration       |       |     1 |       |     3 ||     4
       Fruit             |       |       |     3 |     1 ||     4
Armor: Robe              |    46 |    56 |   146 |    48 ||   296
       Skin              |       |     4 |    14 |       ||    18
Dodge: Dodged            |    59 |   149 |   380 |   326 ||   914
